 Dungeon Crawl Stone Soup version 0.16-a0-3699-g1c51eb1 (console) character file.

95 mauris the Cudgeler (level 4, -1/33 HPs)
             Began as a Demonspawn Gladiator on Jan 19, 2015.
             Slain by an orc
             ... wielding a +0 mace
              (7 damage)
             ... on level 3 of the Dungeon.
             The game lasted 00:03:17 (2395 turns).

mauris the Cudgeler (Demonspawn Gladiator)          Turns: 2395, Time: 00:03:18

Health: -1/33      AC:  3    Str: 16    XL:     4   Next: 40%
Magic:  4/4        EV: 12    Int:  9    God:
Gold:   187        SH:  0    Dex: 14    Spells: 0 memorised, 3 levels left

rFire  . . .     SeeInvis .     g - +2 mace (crush)
rCold  . . .     Clarity  .     m - +0 leather armour
rNeg   . . .     SustAb   .     (no shield)
rPois  .         Gourm    .     (helmet restricted)
rElec  .         Spirit   .     (no cloak)
rCorr  .         Warding  .     (no gloves)
rMut   .         Stasis   .     (no boots)
MR     .....                    (no amulet)
Stlth  +.........               (no ring)
                                (no ring)

@: not resistant to hostile enchantments, very unstealthy
A: claws 1, horns 1
a: no special abilities


You were on level 3 of the Dungeon.
You were not hungry.

You visited 1 branch of the dungeon, and saw 3 of its levels.

You collected 187 gold pieces.

Inventory:

Hand weapons
 g - a +2 mace of crushing (weapon)
Missiles
 d - 3 throwing nets (quivered)
Armour
 c - a +1 helmet
 m - a +0 leather armour (worn)
Scrolls
 j - a scroll of noise {unknown}
 k - 2 scrolls of identify {@r1}
 n - a scroll of fog {unknown}
 o - a scroll of enchant weapon {unknown}
 p - a scroll of random uselessness {unknown}
Potions
 a - 2 potions of haste {unknown}
 b - a potion of curing {unknown}
 e - a potion of magic
 i - a potion of resistance {unknown}
 l - 2 potions of agility
Comestibles
 f - a bread ration
 h - 2 meat rations


   Skills:
 - Level 2.0 Fighting
 + Level 4.7 Maces & Flails
 - Level 1.7 Throwing
 - Level 2.6 Dodging


You had 3 spell levels left.
You didn't know any spells.

Dungeon Overview and Level Annotations

Branches:
Dungeon (3/15)

Altars:
Dithmenos

Annotations:
D:3 mauris' ghost, average DsGl


Innate Abilities, Weirdness & Mutations

You have sharp fingernails.
You have a pair of small horns on your head.


Message History

The orc hits you with a mace.
You hit the orc.
The orc is severely wounded.
The orc barely misses you. The orc hits you with a mace!
You hit the orc but do no damage.
The orc is heavily wounded.
The orc closely misses you. The orc hits you with a mace.
You hit the orc.
The orc is almost dead.
The orc hits you from afar with a trident.
The orc hits you with a mace.
* * * LOW HITPOINT WARNING * * *
The orc closely misses you. The orc hits you with a mace.
* * * LOW HITPOINT WARNING * * *
There is a stone staircase leading up here.
The orc hits you from afar with a trident.
* * * LOW HITPOINT WARNING * * *
The orc hits you with a mace!
You die...

..#...#.#### #.##.#
..#.}.#....# #.##>#
~~#...#....# #.##.#
~~~###~.##.# #.##.#
~~~~~~..##.# #.##.#
~~~~~~...#.####)...#
~~~###~.........#o.#
~~#...#.##.####o..##
..#.}.#....# ##1##
..#...#..#.# #.#
...###...#.# #.#
...........# #.#
..####.#.### #.#
#.#.# #.# #.#.# #.#
#.#.# #.#
.#####.#.## #.#


You could see 2 orcs.

Vanquished Creatures
  An orc priest (D:3)
  A worker ant (D:3)
  2 adders (D:2)
  An ooze (D:3)
  An orc (D:3)
  A giant cockroach (D:2)
  2 hobgoblins (D:2)
  2 quokkas
  2 ball pythons
  A bat (D:2)
  2 goblins
  6 jackals
  3 kobolds
  3 rats
28 creatures vanquished.

Notes
Turn   | Place    | Note
--------------------------------------------------------------
     0 | D:1      | mauris, the Demonspawn Gladiator, began the quest for the Orb.
     0 | D:1      | Reached XP level 1. HP: 16/16 MP: 1/1
   763 | D:2      | Reached skill level 3 in Maces & Flails
   821 | D:2      | Gained mutation: You have a pair of small horns on your head. [demonic ancestry]
   821 | D:2      | Reached XP level 2. HP: 15/22 MP: 2/2
  1367 | D:2      | Reached XP level 3. HP: 25/27 MP: 3/3
  1562 | D:2      | Found a shadowy altar of Dithmenos.
  1643 | D:3      | Reached skill level 4 in Maces & Flails
  1943 | D:3      | Gained mutation: You have sharp fingernails. [demonic ancestry]
  1943 | D:3      | Reached XP level 4. HP: 29/33 MP: 4/4
  2162 | D:3      | Noticed mauris' ghost (average DsGl)
  2395 | D:3      | Slain by an orc

Action                   |  1- 3 |  4- 6 || total
-------------------------+-------+-------++-------
Melee: Mace              |    60 |    11 ||    71
       Flail             |    11 |       ||    11
Throw: Throwing net      |       |     1 ||     1
  Use: Scroll            |     6 |       ||     6
 Stab: Sleeping          |     1 |       ||     1
  Eat: Chunk             |     2 |       ||     2
       Bread ration      |       |     1 ||     1

Vault maps used:
D:1:      roderic_chinese_lattice_arrival
D:2:      lemuel_round_altar, serial_glass, glass_columns_a, glass_columns_a,
          glass_columns_b, glass_columns_a, glass_columns_a, glass_columns_a,
          due_unseen_surprise, minmay_strange_pillars
D:3:      kennysheep_path_1, fountainhead
